cohdb
Replays
Latest Replays
All Replays
Popular Replays
Top Player Replays
Match Explorer
How It Works
Community
CoH3 Stats
Reddit
Sign in to upload your games and track your stats! →
Sign in with Steam
Match 41199615
Unlisted
Match 41199615
Overview
Messages
Build Orders
End
Kradschützen Motorcycle Team
Panzerpioneer Squad
250 Light Carrier
Selects Panzerjäger Kommand Battlegroup
250 Light Carrier
Panzergrenadier Squad
Construct Light Support Kompanie
MG34 Team
Fire Support Elements
Selects GrB 39 Grenade Launcher Requisition
Selects Mine Fields
250 Light Carrier
Assault Mechanized Group
2.5-tonne Medical Truck
Pak 38 Anti-tank Gun Team
Construct Mechanized Kompanie
254 Reconnaissance Tractor
Selects Early Warning
Selects Butterfly Bomb Drop
Selects Defensive Positions
Selects Butterfly Bomb Drop
Pak 38 Mechanized Group
Dvash
Mustache and Melons
xaiex
Junkz
Koning Cor
LeGrillePain
0
0
Comments
sign in to comment!
No comments posted yet!